 Seeded DCSS version 0.29.0-11-gd7f09526c8 (webtiles) character file.

Game seed: 3121381558354691732 (custom seed)

78 purpskrrrp the Shooter (level 3, -1/29 HPs)
             Began as a Demigod Hunter on Sept 7, 2022.
             Slain by an ogre
             ... wielding a +0 giant spiked club
              (19 damage)
             ... on level 3 of the Dungeon.
             The game lasted 00:03:56 (1977 turns).

purpskrrrp the Shooter (Demigod Hunter)             Turns: 1977, Time: 00:03:56

Health: -1/29      AC:  4    Str: 22    XL:     3   Next: 94%
Magic:  5/5        EV: 12    Int: 11    God:
Gold:   147        SH:  0    Dex: 17    Spells: 2/2 levels left

rFire   . . .      SeeInvis .   h - +13 scythe of Curses {drain, Drain}
rCold   . . .      Faith    .   (shield currently unavailable)
rNeg    . . .      Spirit   .   c - +0 leather armour
rPois   .          Reflect  .   p - +0 helmet
rElec   .          Harm     .   (no cloak)
rCorr   .          Rampage  .   (no gloves)
Will    .....                   (no boots)
Stlth   ++........              (no amulet)
HPRegen 0.09/turn               f - +6 ring of strength
MPRegen 0.09/turn               (no ring)

@: studying 2 skills
A: high MP 1, forlorn, divine attributes
a: no special abilities


You were on level 3 of the Dungeon.
You visited 1 branch of the dungeon, and saw 3 of its levels.

You collected 147 gold pieces.

Inventory:

Hand Weapons
 a - a +0 shortbow
 h - the +13 scythe of Curses (weapon) {drain, Drain}
   (You acquired it on level 1 of the Dungeon)

   A truly terrible weapon, it drains the life of any living foe it strikes.
   It inflicts powerful necromantic curses on any living foe it strikes.
   Drain:     It drains your maximum health when unequipped.
Missiles
 g - 4 throwing nets
Armour
 c - a +0 leather armour (worn)
 p - a +0 helmet (worn)
Jewellery
 f - a +6 ring of strength (left hand)
 o - a ring of see invisible
 q - a ring of positive energy
 t - an amulet of reflection
Scrolls
 b - a scroll of immolation
 d - 2 scrolls of identify {unknown}
 e - 2 scrolls of enchant weapon {unknown}
 i - a scroll of magic mapping {unknown}
 k - 3 scrolls of amnesia {unknown}
 l - a scroll of teleportation {unknown}
 m - a scroll of poison {unknown}
 r - a scroll of fear {unknown}
Potions
 j - a potion of magic {unknown}
 n - a potion of invisibility {unknown}
 s - a potion of heal wounds {unknown}
 u - a potion of flight {unknown}
 v - a potion of brilliance {unknown}


   Skills:
 + Level 2.0 Fighting
 * Level 2.7 Polearms
 - Level 3.6 Ranged Weapons
 + Level 1.2 Armour
 + Level 2.3 Dodging
 + Level 1.7 Stealth


You had 2 spell levels left.
You didn't know any spells.
Your spell library contained the following spells:

 Spells                   Type           Power      Damage    Failure   Level
 Sting                    Tmut/Pois      0%         1d3       38%         1


Dungeon Overview and Level Annotations

Branches:
Dungeon (3/15)


Innate Abilities, Weirdness & Mutations

You have an increased reservoir of magic. (+10% MP)
You shall have no god before yourself.
Your divine heritage dramatically boosts your attributes as you level up.


Message History

There are monsters nearby!
There are monsters nearby!
You reach to attack!
You closely miss the jackal.
The jackal barks!
You hear a shout!
A jackal comes into view.
The jackal barely misses you.
The jackal moves out of view.
You closely miss the jackal. The jackal barely misses you.
The jackal completely misses you.
The jackal bites you but does no damage.
You closely miss the jackal.
The jackal bites you but does no damage.
An ogre comes into view. It is wielding a +0 giant spiked club.
The jackal bites you. The jackal misses you. The jackal bites you.
You barely miss the jackal. The jackal closely misses you.
The jackal bites you but does no damage.
The jackal bites you.
The jackal bites you but does no damage. x3
You impale the jackal!!
You kill the jackal!
The jackal barely misses you.
The jackal bites you but does no damage. x2
The jackal bites you. The jackal closely misses you.
The jackal barely misses you.
You closely miss the jackal. The jackal closely misses you.
The jackal barely misses you. The jackal closely misses you.
The jackal barely misses you. x2
You slash the jackal!
You kill the jackal!
The jackal bites you but does no damage. x2
The giant cockroach closely misses you.
You puncture the giant cockroach!
You kill the giant cockroach!
The jackal bites you.
The jackal bites you but does no damage.
The ogre closely misses you. The jackal barely misses you.
You closely miss the ogre. The jackal bites you.
The jackal completely misses you.
The ogre hits you with a +0 giant spiked club!!
Ouch! That really hurt!
You die...

. # .# ....#.####
#.# ......†@.####.#
......O#h..##.####
..................
....#.####.##.###.#
... #. #..#.# #.#
## #. ##...###.# .
##...##.#####. #
#.#.##.......
...#.........#


You could see an ogre and a jackal.

Vanquished Creatures
  3 adders (D:2)
  3 worms
  3 endoplasms
  A giant cockroach (D:3)
  7 goblins
  2 hobgoblins
  8 jackals
  3 ball pythons
  5 bats
  2 frilled lizards
  4 rats
41 creatures vanquished.

Notes
Turn   | Place    | Note
-------+----------+-------------------------------------------
     0 | D:1      | purpskrrrp the Demigod Hunter began the quest for the Orb.
     0 | D:1      | Reached XP level 1. HP: 17/17 MP: 3/3
   162 | D:1      | Got Plato's Secrets of Vitiation
   214 | D:1      | Reached skill level 1 in Stealth
   214 | D:1      | Identified 3 scrolls of acquirement
   214 | D:1      | Acquired the +13 scythe of Curses {drain, Drain}
   214 | D:1      | Found the +13 scythe of Curses {drain, Drain}
   300 | D:1      | Acquired a manual of Long Blades
   323 | D:1      | Acquired a manual of Polearms
   366 | D:1      | Reached XP level 2. HP: 16/24 MP: 4/4
   499 | D:1      | Reached skill level 1 in Polearms
  1207 | D:2      | Reached XP level 3. HP: 19/29 MP: 5/5
  1392 | D:2      | Reached skill level 1 in Armour
  1971 | D:3      | Noticed an ogre
  1977 | D:3      | Slain by an ogre

Illustrated notes

Levels and vault maps discovered:
D:1:      minmay_arrival_glassed_features, layout_loops_ring,
          shapermc_ecumenical_altar_rom_forum, nicolae_kite_square_tiling_tiny
D:2:      layout_basic, basic_altar
D:3:      layout_rooms, serial_shops, nicolae_shop_hallway_stairs

Skill      XL: |  1  2  3 |
---------------+----------+-----
Stealth        | 1 |  1.7
Dodging        | 2 |  2.3
Polearms       | 1 2 |  2.7
Armour         | 1 |  1.2
Fighting       | 2 |  2.0
Ranged Weapons | |  3.6

Action                   || total
-------------------------++-------
Melee: Scythe            ||    74
 Fire: Shortbow          ||     3
  Use: Scroll            ||     3
 Stab: Sleeping          ||     1
Armor: Leather armour    ||    29
Dodge: Dodged            ||    62
